 Dungeon Crawl Stone Soup version 0.18-a0-19-g8b99b3a (webtiles) character file.

145768 4thArraOfDagon the Severer (level 17, -5/152 HPs)
             Began as a Hill Orc Fighter on Nov 1, 2015.
             Was the Champion of Makhleb.
             Slain by a merfolk
             ... wielding a +0 trident
              (7 damage)
             ... on level 4 of the Shoals.
             The game lasted 01:43:11 (14210 turns).

4thArraOfDagon the Severer (Hill Orc Fighter)      Turns: 14210, Time: 01:43:11

Health: -5/152     AC: 39    Str: 18    XL:     17   Next: 13%
Magic:  21/25      EV:  6    Int: 13    God:    Makhleb [******]
Gold:   94         SH:  2    Dex: 17    Spells: 5 memorised, 5 levels left

rFire  + . .     SeeInvis +     K - +3 battleaxe (drain)
rCold  + . .     Clarity  .     s - +5 gold dragon armour
rNeg   . . .     SustAt   .     (shield currently unavailable)
rPois  +         Gourm    .     P - +0 helmet {SInv}
rElec  .         Spirit   .     Y - +5 cloak of Pathos {rPois Str-3 Dex+7}
rCorr  .         Warding  .     L - +1 pair of gloves
rMut   .         Rnd*Tele +     G - +0 pair of boots
MR     +....                    i - amulet of rage
Stlth  ..........               o - ring of poison resistance
                                f - ring of teleportation

@: about to teleport, afraid, mesmerised, very slightly contaminated, hasted,
glowing, very quick, somewhat resistant to hostile enchantments, extremely
unstealthy
A: hooves 1, large bone plates 1, wild magic 3
a: Minor Destruction, Lesser Servant of Makhleb, Major Destruction, Greater
Servant of Makhleb, Renounce Religion, Evoke Berserk Rage, Evoke Teleportation
}: 1/15 runes: serpentine


You were on level 4 of the Shoals.
You worshipped Makhleb.
Makhleb was exalted by your worship.
You were very hungry.

You visited 7 branches of the dungeon, and saw 36 of its levels.
You visited 1 bazaar.
You also visited: Ice Cave and Wizlab.

You collected 3221 gold pieces.
You spent 3127 gold pieces at shops.

Inventory:

Hand Weapons
 B - a +0 hand axe of flaming
 D - a +1 battleaxe of freezing
 K - a +3 battleaxe of draining (weapon)
Missiles
 j - 2 throwing nets (quivered)
Armour
 s - a +5 gold dragon armour (worn)
 G - a +0 pair of boots (worn)
 L - a +1 pair of gloves (worn)
 P - a +0 helmet of see invisible (worn)
 V - the +2 cloak of Kirchit {rN+ MP-9 Dex+5}
   (You found it in a wizard's laboratory)

   It affects your dexterity (+5).
   It protects you from negative energy.
   It affects your magic capacity (-9).
 Y - the +5 cloak of Pathos (worn) {rPois Str-3 Dex+7}
   (You found it in a wizard's laboratory)

   It affects your strength (-3).
   It affects your dexterity (+7).
   It protects you from poison.
Jewellery
 d - an uncursed ring of wizardry
 f - a ring of teleportation (left hand)
 i - an amulet of rage (around neck)
 o - a ring of poison resistance (right hand)
 Q - the ring "Faiph" {Fire Int+2}
   (You took it off a deep elf death mage on level 3 of the Elven Halls)

   [ring of fire]

   It enhances your fire magic, and weakens your ice magic.
   It affects your intelligence (+2).
   It protects you from fire.
   It makes you vulnerable to cold.
 T - the amulet of Vitality {Regen+ HP+15}
   (You took it off a deep elf death mage on level 3 of the Elven Halls)

   [amulet of regeneration]

   It affects your health (+15).
   It increases your rate of regeneration.
Wands
 g - a wand of hasting (0)
 h - a wand of disintegration (3)
 m - a wand of teleportation (0)
 p - a wand of teleportation (0)
 v - a wand of disintegration (6)
 z - a wand of disintegration (9)
 J - a wand of disintegration (16)
 M - a wand of cold (6)
 S - a wand of paralysis (9)
Scrolls
 k - 5 scrolls of remove curse
 l - 3 scrolls of recharging
 q - a scroll of silence
 X - 2 scrolls of magic mapping
Potions
 b - a potion of haste {unknown}
 c - 2 potions of cancellation
 t - 6 potions of agility
 w - 4 potions of brilliance
 N - 2 potions of flight {unknown}
 O - 4 potions of might
Books
 r - a Necronomicon

   Spells                             Type                      Level
   a - Haunt                          Necromancy/Summoning         7
   b - Borgnjor's Revivification      Necromancy                   8
   c - Death's Door                   Charms/Necromancy            8
   d - Necromutation                  Transmutation/Necromancy     8
 Z - a book of Enchantments

   Spells                             Type                      Level
   a - Cause Fear                     Hexes                        4
   b - Silence                        Hexes/Air                    5
   c - Deflect Missiles               Charms/Air                   6
   d - Haste                          Charms                       6
   e - Discord                        Hexes                        8
Miscellaneous
 e - a phial of floods
 x - a phantom mirror
 y - a phial of floods
 F - a lantern of shadows
 U - a sack of spiders
 W - a stone of tremors
Comestibles
 a - 6 chunks of flesh
 n - a royal jelly
 A - a slice of pizza
 C - 3 meat rations
 I - 4 bread rations


   Skills:
 - Level 14.1 Fighting
 - Level 20.1 Axes
 + Level 14.2 Armour
 * Level 6.0 Dodging
   Level 3.2 Shields
 + Level 4.5 Spellcasting
 * Level 7.8 Translocations
 - Level 10.1 Invocations
 - Level 11.1 Evocations


You had 5 spell levels left.
You knew the following spells:

 Your Spells              Type           Power        Failure   Level  Hunger
a - Passage of Golubria   Tloc           N/A          100%        4    ####...
b - Spectral Weapon       Hex/Chrm       #.......     100%        3    ###....
c - Blink                 Tloc           N/A          99%         2    ##.....
d - Controlled Blink      Tloc           N/A          100%        8    #######
e - Regeneration          Chrm/Necr      #.........   100%        3    ###....


Dungeon Overview and Level Annotations

Branches:
Dungeon (14/15)            Temple (1/1) D:4            Lair (6/8) D:11
 Shoals (4/4) Lair:6        Snake (4/4) Lair:6          Orc (4/4) D:10
    Elf (3/3) Orc:4
  Slime: Lair:6-8    Vaults: D:13-14

Altars:
Ashenzari
Dithmenos
Fedhas
Gozag
Kikubaaqudgha
Makhleb
Nemelex Xobeh
Okawaru
Ru
Trog
Vehumet
Xom
Beogh

Shops:
Orc:1 *   Orc:4 (!}([   Shoals:3 [   Snake:4 (

Annotations:
D:5 PeterLawrence's ghost, novice GrFi
D:7 Prince Ribbit
D:8 Maurice
Lair:2 Harold
Lair:5 exclusion: upstairs
Shoals:2 Polyphemus
Elf:1 Asterion
Elf:2 4 runed doors, exclusion: upstairs, Agnes


Innate Abilities, Weirdness & Mutations

You have large cloven feet.
You are partially covered in large bone plates (AC +2, SH +2).
Your spells are much harder to cast, but much more powerful.


Message History

The griffon claws you but does no damage.
The merfolk avatar chants its luring song.
The satyr plays a rousing melody on his pipes!
You see here a stone.
Unknown command.
Unknown command.
Unknown command.
Unknown command.
Unknown command.
Unknown command.
Unknown command.
You feel strangely unstable.
You are feeling very hungry.
The griffon bites you but does no damage.
The griffon pecks you but does no damage.
The griffon claws you but does no damage.
The faun hits you but does no damage.
The merfolk avatar chants its luring song.
The merfolk hits you from afar with a trident!
You die...

......≈≈≈≈..≈≈≈≈≈≈.P.PP....cc
≈≈≈...≈≈≈≈≈.≈≈≈≈≈≈.P.....m...
..≈(.≈≈≈P≈≈≈≈≈≈≈c........P...
≈≈≈≈.≈≈≈≈≈≈≈≈≈c≈≈P..........c
≈≈≈≈≈(≈(≈≈≈≈≈((≈≈.P...=.m.c..
...≈.P≈P≈P(P(≈≈≈m........P(..
....P≈≈≈≈≈≈(c≈≈§≈.P.P........
.P.P≈≈|≈≈≈P≈Ec≈≈≈≈cEP..cc/...
≈...P≈≈≈≈≈≈≈@Hm≈≈m...§.......
≈P..≈P≈≈≈P≈≈≈≈H≈≈......≈≈≈≈P.
≈≈..P≈≈PP≈≈≈≈≈≈m≈≈P...≈≈PP≈..
≈≈..≈≈≈P≈≈P≈≈≈≈c≈≈..≈≈≈≈≈≈PP.
≈≈≈P≈≈...≈≈≈≈≈≈≈≈(≈.≈≈≈≈≈≈..
≈≈≈≈....≈≈≈≈≈≈≈≈.≈m≈....≈..
≈≈....≈≈≈≈≈≈≈≈..≈.....P≈.
≈....≈≈≈≈≈≈≈........≈≈≈≈
..≈≈≈≈≈≈≈.......≈≈≈P


You could see a merfolk avatar, 2 griffons, a satyr, a merfolk aquamancer, 2
merfolk, 5 fauns and 2 water elementals.

Vanquished Creatures
  A deep elf blademaster (Elf:3)
  2 deep elf master archers (Elf:3)
  2 greater nagas
  2 deep elf sorcerers (Elf:3)
  A deep elf demonologist (Elf:3)
  5 deep elf annihilators
  Azrael (D:12)
  4 merfolk javelineers (Shoals:4)
  4 merfolk impalers
  5 deep elf death magi (Elf:3)
  4 anacondas
  A rakshasa (WizLab)
  8 naga warriors
  A merfolk avatar (Shoals:3)
  7 death yaks
  Erolcha (D:13)
  A merfolk aquamancer (Shoals:3)
  2 ogre magi (Orc:4)
  2 satyrs (Shoals:3)
  A small abomination (Elf:3)
  A shock serpent (Snake:4)
  A naga sharpshooter (Snake:4)
  Nergalle (D:10)
  5 deep elf knights (Elf:2)
  6 sea snakes
  A giant orange brain (WizLab)
  An unseen horror (WizLab)
  6 deep elf summoners
  An obsidian statue (WizLab)
  10 deep elf conjurers
  A naga ritualist (Snake:1)
  A wizard (WizLab)
  An orc knight (Orc:4)
  5 hill giants
  3 mana vipers (Snake:1)
  3 griffons
  8 manticores
  11 fauns
  9 orc sorcerers
  2 worldbinders (WizLab)
  3 ugly things (D:13)
  A water nymph (Shoals:2)
  3 cyclopes
  9 black mambas
  6 guardian serpents
  3 sirens
  5 salamanders
  A sixfirhy (WizLab)
  3 naga magi
  2 ice statues
  2 centaur zombies
  A spiny frog (Lair:5)
  A fire drake (Lair:2)
  A demonspawn skeleton (WizLab)
  A demonic crawler (WizLab)
  2 komodo dragons
  The ghost of PeterLawrence the Cudgeler, a novice GrFi (D:4)
  16 merfolk
  2 trolls
  2 ancient zymes (WizLab)
  5 deep elf priests
  A freezing wraith (Lair:2)
  A queen bee (shapeshifter) (Elf:1)
  2 wind drakes (Shoals:4)
  5 polar bears (IceCv)
  A blue devil (WizLab)
  4 snapping turtles
  9 blink frogs
  6 water elementals
  3 fire elementals (D:12)
  2 large abominations (WizLab)
  13 deep elf fighters
  Eustachio (D:5)
  17 deep elf magi
  A hungry ghost (D:11)
  A hippogriff (Lair:6)
  18 wolves
  34 yaks
  Menkaure (D:4)
  An insubstantial wisp (WizLab)
  20 nagas
  2 wargs
  4 hell hounds (D:12)
  A water moccasin (Lair:1)
  3 porcupines
  7 ice beasts
  11 orc warriors
  A boggart (WizLab)
  12 ogres
  4 crocodiles
  3 centaurs
  A big kobold (D:12)
  8 giant frogs
  A brain worm (D:13)
  A wyvern skeleton (D:10)
  3 killer bees (D:11)
  10 wights
  A lava snake (D:13)
  A crimson imp (D:11)
  A jelly (D:6)
  19 orc priests
  2 giant frog zombies (D:12)
  An iguana (Lair:5)
  A hound (D:6)
  22 orc wizards
  10 worker ants
  5 sheep
  A hound skeleton (D:10)
  A hound zombie (D:10)
  A gnoll (D:5)
  6 adders
  4 shadow imps
  5 white imps (Lair:2)
  An ufetubus (WizLab)
  An ooze (D:2)
  An adder zombie (D:5)
  115 orcs
  2 ball pythons
  2 giant cockroaches (D:1)
  A goblin (D:2)
  5 hobgoblins
  10 jackals
  9 kobolds
  3 quokkas
  2 bats
  9 giant geckos
  A giant gecko skeleton (D:4)
  A giant gecko zombie (D:6)
  A giant newt (D:7)
  3 rats
  A crawling corpse (Elf:3)
  7 plants
671 creatures vanquished.

Vanquished Creatures (collateral kills)
  A deep elf blademaster (Elf:3)
  An eldritch tentacle (WizLab)
  2 deep elf annihilators (Elf:3)
  2 merfolk javelineers (Shoals:4)
  2 deep elf death magi (Elf:3)
  A great orb of eyes (WizLab)
  A merfolk avatar (Shoals:4)
  A merfolk aquamancer (Shoals:4)
  A satyr (Shoals:4)
  2 deep elf knights (Elf:3)
  An orc sorcerer (Orc:4)
  A manticore (Shoals:4)
  A siren (Shoals:4)
  2 deep elf priests (Elf:3)
  A merfolk (Shoals:4)
  A snapping turtle (Shoals:4)
  A deep elf mage (Elf:3)
  A deep elf fighter (Elf:3)
  A hungry ghost (D:10)
  A warg (Orc:4)
  2 orc priests (Orc:4)
  An orc wizard (Orc:4)
  A sheep (D:10)
  2 orcs (Orc:4)
31 creatures vanquished.

Vanquished Creatures (others)
  A deep elf knight (Elf:3)
  A merfolk (Shoals:4)
  6 wolves (IceCv)
  2 yaks (IceCv)
  A naga (Snake:4)
  An orc wizard (Orc:4)
  3 orcs (D:13)
  3635 eldritch tentacle segments (WizLab)
  A fire vortex (D:13)
  A fungus (Lair:5)
  14 plants
3666 creatures vanquished.

Grand Total: 4368 creatures vanquished

Notes
Turn   | Place    | Note
--------------------------------------------------------------
     0 | D:1      | 4thArraOfDagon the Hill Orc Fighter began the quest for the Orb.
     0 | D:1      | Reached XP level 1. HP: 19/19 MP: 1/1
    80 | D:1      | Reached XP level 2. HP: 25/27 MP: 2/2
   225 | D:2      | Reached skill level 4 in Fighting
   300 | D:2      | Reached XP level 3. HP: 20/33 MP: 3/3
   446 | D:3      | Found a shattered altar of Ashenzari.
   543 | D:3      | Found an ancient bone altar of Kikubaaqudgha.
   543 | D:3      | Found a shattered altar of Ashenzari.
   622 | D:4      | Reached skill level 1 in Evocations
   628 | D:4      | Noticed PeterLawrence's ghost (novice GrFi)
   669 | D:4      | Reached XP level 4. HP: 27/41 MP: 4/4
   675 | D:4      | Killed PeterLawrence's ghost
   675 | D:4      | Reached skill level 5 in Fighting
   675 | D:4      | Reached skill level 5 in Axes
   675 | D:4      | Reached XP level 5. HP: 14/48 MP: 4/6
   675 | D:4      | Reached XP level 6. HP: 16/56 MP: 4/7
   723 | D:4      | HP: 2/56 [poisoned by a worker ant]
   758 | D:4      | Noticed Menkaure
   797 | D:4      | Killed Menkaure
   797 | D:4      | Reached skill level 6 in Axes
   797 | D:4      | Reached XP level 7. HP: 4/61 MP: 7/9
   802 | D:4      | Found a staircase to the Ecumenical Temple.
   808 | Temple   | Entered the Ecumenical Temple
   826 | Temple   | Became a worshipper of Makhleb the Destroyer
   989 | D:5      | Entered Level 5 of the Dungeon
   989 | D:5      | Noticed PeterLawrence's ghost (novice GrFi)
  1068 | D:5      | RIP
  1255 | D:6      | Reached skill level 7 in Axes
  1272 | D:6      | Found a sparkling altar of Nemelex Xobeh.
  1300 | D:6      | Reached skill level 5 in Armour
  1380 | D:6      | Gained mutation: Your spells are a little harder to cast, but a little more powerful. [potion of mutation]
  1380 | D:6      | Gained mutation: You are partially covered in large bone plates (AC +2, SH +2). [potion of mutation]
  1380 | D:6      | Gained mutation: Your spells are harder to cast, but more powerful. [potion of mutation]
  1579 | D:6      | Reached XP level 8. HP: 53/70 MP: 10/10
  1607 | D:6      | Found a sparkling altar of Nemelex Xobeh.
  1672 | D:6      | Reached * piety under Makhleb
  1814 | D:6      | Found a shadowy altar of Dithmenos.
  1910 | D:5      | Noticed Eustachio
  1914 | D:5      | Killed Eustachio
  1914 | D:5      | Reached skill level 8 in Axes
  2103 | D:7      | Noticed Prince Ribbit
  2108 | D:8      | Noticed Maurice
  2108 | D:8      | Noticed a troll
  2271 | D:8      | Reached skill level 9 in Axes
  2283 | D:8      | Noticed a catoblepas
  2520 | D:10     | Entered Level 10 of the Dungeon
  2543 | D:10     | Reached XP level 9. HP: 69/79 MP: 12/12
  2623 | D:10     | Reached skill level 10 in Axes
  2639 | D:10     | Reached ** piety under Makhleb
  2640 | D:10     | Reached skill level 5 in Evocations
  2802 | D:11     | Learned a level 4 spell: Passage of Golubria
  2896 | D:11     | Noticed a manticore
  2915 | D:11     | Killed a manticore
  2915 | D:11     | Reached skill level 11 in Axes
  2985 | D:11     | Noticed a centaur zombie
  3033 | D:11     | Killed a centaur zombie
  3033 | D:11     | Reached XP level 10. HP: 66/90 MP: 14/14
  3139 | D:11     | Reached skill level 12 in Axes
  3155 | D:11     | Reached *** piety under Makhleb
  3181 | D:11     | Noticed a hill giant
  3196 | D:11     | Killed a hill giant
  3196 | D:11     | Reached skill level 1 in Invocations
  3253 | D:10     | Found a staircase to the Orcish Mines.
  3285 | D:10     | Noticed Nergalle
  3312 | Orc:1    | Entered Level 1 of the Orcish Mines
  3312 | Orc:1    | Found Edwer's Assorted Antiques.
  3327 | Orc:1    | Bought a scroll labeled WOOFROAHEO for 24 gold pieces
  3327 | Orc:1    | Bought 2 metallic coppery potions for 43 gold pieces
  3327 | Orc:1    | Bought a metallic coppery potion for 21 gold pieces
  3372 | Orc:1    | Found a burning altar of Makhleb.
  3561 | Orc:1    | Reached **** piety under Makhleb
  3827 | Orc:4    | Entered Level 4 of the Orcish Mines
  3829 | Orc:4    | Reached ***** piety under Makhleb
  3850 | Orc:4    | Found Sogatott's Weapon Shoppe.
  3853 | Orc:4    | Bought a +2 battleaxe of draining for 379 gold pieces
  3874 | Orc:4    | Found a frozen archway.
  3891 | IceCv    | Entered an ice cave
  3896 | IceCv    | Reached XP level 11. HP: 97/97 MP: 16/16
  3898 | IceCv    | Reached skill level 5 in Invocations
  3900 | IceCv    | Reached skill level 13 in Axes
  4618 | IceCv    | Noticed a death yak
  4631 | IceCv    | Reached skill level 10 in Fighting
  4648 | IceCv    | Killed a death yak
  4675 | IceCv    | Noticed a death yak
  4683 | IceCv    | Reached skill level 14 in Axes
  4692 | IceCv    | Killed a death yak
  4810 | IceCv    | Noticed a frost giant
  4810 | IceCv    | Noticed a death yak
  4818 | IceCv    | Noticed a cacodemon
  5312 | Orc:4    | Found a staircase to the Elven Halls.
  5333 | Orc:4    | Noticed an orc knight
  5369 | Orc:4    | Killed an orc knight
  5369 | Orc:4    | Reached XP level 12. HP: 87/107 MP: 18/18
  5667 | Orc:4    | Found a roughly hewn altar of Beogh.
  5915 | Orc:4    | Found Ycwucweag's Gadget Boutique.
  5968 | Orc:4    | Noticed an ogre mage
  5968 | Orc:4    | Found a radiant altar of Vehumet.
  5975 | Orc:4    | Killed an ogre mage
  6031 | Orc:4    | Noticed an ogre mage
  6037 | Orc:4    | Killed an ogre mage
  6057 | Orc:4    | Reached skill level 15 in Axes
  6071 | Orc:4    | Found an ancient bone altar of Kikubaaqudgha.
  6094 | Orc:4    | Found Ynothilurph's Antique Armour Shop.
  6102 | Orc:4    | Bought an embroidered cloak for 112 gold pieces
  6129 | Orc:4    | Found a roughly hewn altar of Beogh.
  6129 | Orc:4    | Found Yjybb's Antique Weapon Boutique.
  6146 | Orc:4    | Reached skill level 10 in Invocations
  6173 | Orc:4    | Found Unwib's Distillery.
  6181 | Orc:4    | Bought a potion of heal wounds for 65 gold pieces
  6181 | Orc:4    | Bought a potion of might for 52 gold pieces
  6181 | Orc:4    | Bought 2 potions of curing for 78 gold pieces
  6181 | Orc:4    | Bought a potion of poison for 13 gold pieces
  6258 | Orc:3    | Found a radiant altar of Vehumet.
  6288 | Orc:3    | Reached ****** piety under Makhleb
  6346 | Elf:1    | Entered Level 1 of the Elven Halls
  6355 | Elf:1    | Reached skill level 10 in Armour
  6496 | Elf:1    | Noticed a deep elf annihilator
  6504 | Elf:1    | You fall through a shaft!
  6504 | Elf:2    | Found a large runed door.
  6504 | Elf:2    | Found a large runed door.
  6504 | Elf:2    | Noticed an enchanted dagger
  6504 | Elf:2    | Noticed an enchanted dagger
  6526 | Elf:2    | Reached XP level 13. HP: 95/116 MP: 20/20
  6617 | Elf:2    | Noticed a deep elf annihilator
  6637 | Elf:2    | Killed a deep elf annihilator
  6637 | Elf:2    | Reached skill level 16 in Axes
  6799 | Elf:1    | Noticed Asterion
  6824 | Elf:2    | Noticed Agnes
  6866 | Elf:2    | Found a large runed door.
  6866 | Elf:2    | Found a large runed door.
  7003 | Elf:2    | Found a magical portal.
  7008 | WizLab   | Entered The Roulette of Golubria
  7218 | WizLab   | Found a corrupted altar of Lugonu.
  7218 | WizLab   | Noticed an eldritch tentacle
  7471 | WizLab   | Found a corrupted altar of Lugonu.
  7553 | WizLab   | Reached skill level 17 in Axes
  7727 | WizLab   | Noticed an Executioner
  7972 | WizLab   | Killed an eldritch tentacle
  7992 | WizLab   | Reached skill level 10 in Evocations
  8005 | WizLab   | Identified Ficael's Volume of Dislocation
  8007 | WizLab   | Got an ichor-stained cloak
  8016 | WizLab   | Identified Golubria's Incunabulum of Displacement
  8024 | WizLab   | Got a transparent cloak
  8030 | WizLab   | Got a faintly humming cloak
  8050 | Elf:2    | Identified the +2 cloak "Sobbug" {+Fly rPois rF-} (You found it in a wizard's laboratory)
  8060 | Elf:2    | Identified the +5 cloak of Pathos {rPois Str-3 Dex+7} (You found it in a wizard's laboratory)
  8070 | Elf:2    | Identified the +2 cloak of Kirchit {rN+ MP-9 Dex+5} (You found it in a wizard's laboratory)
  8115 | Elf:3    | Entered Level 3 of the Elven Halls
  8229 | Elf:3    | Reached XP level 14. HP: 127/127 MP: 21/21
  8569 | Elf:3    | Reached skill level 18 in Axes
  8653 | Elf:3    | Noticed a Hell Sentinel
  8660 | Elf:3    | Noticed a deep elf master archer
  8664 | Elf:3    | Killed a deep elf master archer
  8692 | Elf:3    | Noticed a deep elf sorcerer
  8692 | Elf:3    | Noticed a deep elf sorcerer
  8717 | Elf:3    | Killed a deep elf sorcerer
  8729 | Elf:3    | Killed a deep elf sorcerer
  8847 | Elf:3    | Noticed a deep elf blademaster
  8856 | Elf:3    | Killed a deep elf blademaster
  8927 | Elf:3    | Noticed a deep elf master archer
  8954 | Elf:3    | Killed a deep elf master archer
  9296 | Elf:3    | Noticed a deep elf blademaster
  9335 | Elf:3    | Killed a deep elf blademaster
  9335 | Elf:3    | Reached skill level 19 in Axes
  9594 | Elf:3    | Reached XP level 15. HP: 136/136 MP: 23/23
  9804 | Elf:3    | Noticed an Executioner
  9810 | Elf:3    | Identified Izeewn's Volume of Enchantment (You found it on level 3 of the Elven Halls)
  9911 | Elf:3    | Got a transparent golden ring
  9942 | Elf:3    | Learned a level 3 spell: Spectral Weapon
  9948 | Elf:3    | Learned a level 2 spell: Blink
  9953 | Elf:3    | Identified the ring "Faiph" {Fire Int+2} (You took it off a deep elf death mage on level 3 of the Elven Halls)
  9961 | Elf:3    | Identified the Reference Book on the Oath (You found it on level 3 of the Elven Halls)
 10388 | D:10     | Killed Nergalle
 10388 | D:10     | Reached skill level 1 in Translocations
 10527 | D:11     | Found a staircase to the Lair.
 10536 | D:11     | Identified a scroll of acquirement
 10566 | D:12     | Noticed Azrael
 10579 | D:12     | Killed Azrael
 10749 | D:13     | Reached skill level 1 in Spellcasting
 10830 | D:13     | Noticed Erolcha
 10840 | D:13     | Killed Erolcha
 10943 | D:13     | Identified the Reference Book on Lightness (You found it on level 13 of the Dungeon)
 11113 | Orc:4    | Bought a runed gold dragon armour for 2000 gold pieces
 11303 | Lair:1   | Entered Level 1 of the Lair of Beasts
 11378 | Lair:2   | Identified Roxanne's Tome of Ashen Shape Shifting
 11452 | Lair:2   | Gained mutation: You have large cloven feet. [potion of mutation]
 11452 | Lair:2   | Gained mutation: Your spells are much harder to cast, but much more powerful. [potion of mutation]
 11504 | Lair:2   | Noticed Harold
 12012 | Lair:6   | Learned a level 8 spell: Controlled Blink
 12019 | Lair:6   | Found a staircase to the Snake Pit.
 12092 | Snake:1  | Entered Level 1 of the Snake Pit
 12189 | Snake:2  | Reached skill level 20 in Axes
 12278 | Snake:2  | Noticed a greater naga
 12289 | Snake:2  | Killed a greater naga
 12360 | Snake:4  | Entered Level 4 of the Snake Pit
 12380 | Snake:4  | Reached skill level 1 in Dodging
 12392 | Snake:4  | Reached XP level 16. HP: 113/146 MP: 24/24
 12411 | Snake:4  | Reached skill level 5 in Translocations
 12447 | Snake:4  | Got a serpentine rune of Zot
 12462 | Snake:4  | Found Guwk's Weapon Boutique.
 12571 | Snake:1  | Learned a level 3 spell: Regeneration
 12611 | Lair:6   | Found a staircase to the Shoals.
 12683 | Shoals:1 | Entered Level 1 of the Shoals
 12805 | Shoals:1 | Found a flickering gateway to a bazaar.
 12810 | Bazaar   | Entered a bazaar
 12810 | Bazaar   | Found Enaulol's General Store.
 12823 | Bazaar   | Found Nuig's Antique Armour Shop.
 12831 | Bazaar   | Bought a shiny helmet for 112 gold pieces
 12855 | Bazaar   | Found Uweih's Antique Weapon Shop.
 12877 | Bazaar   | Bought a scroll of enchant armour for 90 gold pieces
 12877 | Bazaar   | Bought a scroll of magic mapping for 42 gold pieces
 12877 | Bazaar   | Bought a bread ration for 60 gold pieces
 12877 | Bazaar   | Bought a scroll of remove curse for 36 gold pieces
 12969 | Shoals:4 | Entered Level 4 of the Shoals
 13391 | Shoals:2 | Noticed Polyphemus
 13436 | Shoals:3 | Found Tush's Armour Shop.
 13782 | Shoals:3 | Reached skill level 5 in Dodging
 14019 | Shoals:4 | Reached XP level 17. HP: 152/152 MP: 25/25
 14174 | Shoals:4 | umm ok
 14177 | Shoals:4 | HP: 5/152 [merfolk aquamancer/rapier of electrocution (13)]
 14205 | Shoals:4 | HP: 3/152 [merfolk aquamancer/shard of ice (17)]
 14210 | Shoals:4 | Slain by a merfolk

Vault maps used:
D:1:      wheals_arrival_shading
D:3:      gammafunk_temple_overflow_wave, minmay_misc_feat_ornament,
          cheibrodos_ashenzari_chains
D:4:      temple_green, first_bread, hex_tiny, uniq_edmund, uniq_menkaure
D:5:      lemuel_ratsnest, uniq_grinder, uniq_eustachio
D:6:      nicolae_overflow_hidden_temple, nemelex_xobeh_ov_fountains_minmay,
          basic_altar, minmay_lizard_king
D:7:      uniq_prince_ribbit1
D:8:      hangedman_cross_stitches, grunt_livestock, uniq_maurice
D:9:      zin_statuary, serial_shops, nicolae_shop_overgrown_old_shop,
          kennysheep_cross_bottleneck, nicolae_wand_duel, lemuel_centaur_altar
D:10:     orc_0_dummy, uniq_nergalle
D:11:     minmay_lair_entry_lava
D:12:     uniq_azrael
D:13:     lemuel_flame_loot_2, serial_shops, shop, kennysheep_another_room,
          st_stairs_7, minmay_misc_feat_more_columns, uniq_erolcha
D:14:     erik_vaults_1, columned_hall_lemuel, fedhas_altar_2
Temple:   water_room_temple_a_12
Lair:1:   infiniplex_staircase_pool, grunt_megastairs_3, uniq_fannar
Lair:2:   gammafunk_lair_bear_cave, serial_bayou_lagoon_a, ice2_lemuel,
          uniq_harold
Lair:3:   uniq_maud
Lair:4:   pf_torpor_hydra
Lair:6:   minmay_shoals_entry_beasts, guppyfry_snake_entry_island,
          beast_lair_carwin_8
Shoals:1: serial_shops, bzr_entry_safe
Shoals:2: uniq_polyphemus
Shoals:3: serial_shops, shop
Shoals:4: shoals_end_grunt_garden, shoals_ilsuiw_alternative,
          nicolae_shoals_mertower
Snake:1:  grunt_ministairs_2, grunt_megastairs_2, uniq_aizul, uniq_donald,
          uniq_kirke, uniq_nikola
Snake:3:  grunt_ministairs_6, uniq_louise
Snake:4:  grunt_snake_rune_spirals, serial_shops, shop, uniq_vashnia
Orc:1:    serial_shops, shop, basic_altar
Orc:2:    bloody_trog
Orc:3:    basic_altar, nicolae_orc_pool_cavern
Orc:4:    kennysheep_orc_mage_school, serial_shops, nicolae_shop_behind_doors,
          portal_ice_cave_entry_pillars_02, lemuel_statue_altar
Elf:1:    eino_elf_arrival_customs, hangedman_elf_disciples, uniq_asterion
Elf:2:    mu_enter_wizlab_1, uniq_norris, uniq_roxanne, uniq_agnes
Elf:3:    minmay_elf_hall_dome
Bazaar:   bazaar_jpeg_cross
IceCv:    ice_cave_caverns_02
WizLab:   wizlab_golubria

Action                   |  1- 3 |  4- 6 |  7- 9 | 10-12 | 13-15 | 16-18 || total
-------------------------+-------+-------+-------+-------+-------+-------++-------
Melee: War axe           |    89 |    27 |   311 |   661 |   739 |       ||  1827
       Battleaxe         |       |       |       |       |   252 |   431 ||   683
 Cast: Blink             |       |       |       |       |     5 |       ||     5
Invok: Greater Servant o |       |       |       |     1 |     7 |     1 ||     9
       Lesser Servant of |       |       |       |     5 |    21 |     2 ||    28
       Minor Destruction |       |       |       |       |     1 |       ||     1
 Abil: Evoke Berserk Rag |       |       |     9 |    24 |    30 |     8 ||    71
       Evoke Teleportati |       |       |     2 |     3 |    23 |     9 ||    37
Evoke: Wand              |       |       |     2 |     3 |    18 |    15 ||    38
       Deck              |       |       |       |       |     2 |       ||     2
  Use: Scroll            |     3 |     3 |     6 |     7 |    17 |    10 ||    46
       Potion            |     1 |     2 |     1 |     1 |     8 |     8 ||    21
 Stab: Confused          |       |       |     1 |       |       |       ||     1
       Distracted        |       |       |       |       |     5 |     1 ||     6
  Eat: Chunk             |       |       |    14 |    27 |    28 |    17 ||    86
       Beef jerky        |       |       |     1 |       |     3 |     2 ||     6
       Pizza             |       |       |       |     1 |       |       ||     1
       Bread ration      |       |       |       |     2 |       |       ||     2
       Fruit             |       |       |       |       |     6 |       ||     6
       Royal jelly       |       |       |       |       |     3 |       ||     3
       Meat ration       |       |       |       |       |     1 |       ||     1
